 Dungeon Crawl Stone Soup version 0.29.1-12-g30fa7ad0bf (webtiles) character file.

Game seed: 9564036406811111553

2270 RapScallion the Cleaver (level 9, -13/75 (79) HPs)
             Began as a Hill Orc Fighter on Jan 13, 2023.
             Was a Believer of Uskayaw.
             Mangled by a large slime creature (37 damage)
             ... on level 6 of the Dungeon on Jan 14, 2023.
             The game lasted 00:29:55 (5472 turns).

RapScallion the Cleaver (Hill Orc Fighter)          Turns: 5472, Time: 00:29:56

HP:   -13/75 (79)   AC:  8    Str: 23    XL:     9   Next: 38%
MP:   9/9           EV: 11    Int:  8    God:    Uskayaw [**....]
Gold: 335           SH:  4    Dex: 10    Spells: 8/8 levels left

rFire   . . .      SeeInvis .   a - +0 war axe
rCold   + + .      Faith    .   c - +0 buckler
rNeg    . . .      Spirit   .   D - +2 leather armour of Repulsion {-Cast rPois rC++ rCorr}
rPois   +          Reflect  .   (no helmet)
rElec   .          Harm     .   l - +0 cloak
rCorr   +          Rampage  .   (no gloves)
Will    .....      NoCast   +   A - +0 pair of boots
Stlth   +.........              f - amulet of regeneration
HPRegen 1.02/turn               (no ring)
MPRegen 0.11/turn               (no ring)

@: drained
A: no striking features
a: Renounce Religion, Stomp, Line Pass


You were on level 6 of the Dungeon.
You worshipped Uskayaw.
Uskayaw was noncommittal.
You visited 2 branches of the dungeon, and saw 8 of its levels.

You collected 335 gold pieces.

Inventory:

Hand Weapons
 a - a +0 war axe (weapon)
Missiles
 g - 65 stones
 w - 14 poisoned darts
 x - 2 throwing nets (quivered)
 E - a silver boomerang
Armour
 b - a +0 scale mail
 c - a +0 buckler (worn)
 l - a +0 cloak (worn)
 A - a +0 pair of boots (worn)
 D - the +2 leather armour of Repulsion (worn) {-Cast rPois rC++ rCorr}
   (You took it off a kobold on level 6 of the Dungeon)

   rC:        It greatly protects you from cold.
   rPois:     It protects you from poison.
   -Cast:     It prevents spellcasting.
   rCorr:     It protects you from acid and corrosion.
Jewellery
 f - an amulet of regeneration (around neck)
 q - an amulet of faith
Wands
 s - a wand of paralysis (19)
 B - a wand of light (6)
Scrolls
 h - 3 scrolls of teleportation
 k - 2 scrolls of magic mapping
 p - a scroll of fear {unknown}
 r - a scroll of noise {unknown}
 t - 2 scrolls of enchant armour
 u - 2 scrolls of poison {unknown}
 y - a scroll of vulnerability {unknown}
 z - a scroll of acquirement {unknown}
Potions
 d - 2 potions of berserk rage {unknown}
 e - 4 potions of heal wounds
 i - a potion of degeneration {unknown}
 j - a potion of ambrosia
 m - a potion of lignification {unknown}
 n - 3 potions of flight {unknown}
 o - 2 potions of haste {unknown}
 v - a potion of brilliance {unknown}
 C - a potion of might


   Skills:
 + Level 7.2 Fighting
 + Level 10.9 Axes
 + Level 7.2 Armour
 - Level 2.3 Dodging
 - Level 1.1 Stealth
 + Level 4.5 Shields


You had 8 spell levels left.
You didn't know any spells.
Your spell library contained the following spells:

 Spells                   Type           Power      Damage    Failure   Level
 Summon Small Mammal      Summ           0%         N/A       54%         1
 Call Canine Familiar     Summ           0%         N/A       88%         3
 Summon Guardian Golem    Hex/Summ       0%         N/A       88%         3


Dungeon Overview and Level Annotations

Branches:
Dungeon (7/15)             Temple (1/1) D:4

Altars:
Cheibriados
Dithmenos
Elyvilon
Fedhas
Gozag
Hepliaklqana
Kikubaaqudgha
Nemelex Xobeh
Okawaru
Qazlal
Sif Muna
Trog
Uskayaw
Vehumet
Wu Jian
Xom
Yredelemnul
Zin
The Shining One

Shops:
D:2 ?   D:3 ?


Message History

The slime creature closely misses you.
Two slime creatures merge to form a large slime creature.
The slime creature attacks as you move away!
The slime creature hits you!
The slime creature attacks as you move away!
You block the slime creature's attack.
The slime creature attacks as you move away!
The slime creature hits you!
The slime creature attacks as you move away!
The slime creature hits you.
You can no longer pass through a line of other dancers.
There is a stone staircase leading up here.
You can't go down here!
The slime creature hits you.
The slime creature hits you but does no damage.
Two slime creatures merge to form a very large slime creature.
You climb upwards.
There is a stone staircase leading down here.
You slash the very large slime creature!
The very large slime creature is moderately wounded.
You slash the slime creature! The slime creature closely misses you.
Unknown command.
You barely miss the very large slime creature.
The very large slime creature is moderately wounded.
You barely miss the slime creature. The slime creature hits you.
You slash the very large slime creature!
The very large slime creature is moderately wounded.
You hit the slime creature.
A very large slime creature splits.
The slime creature hits you.
You slash the large slime creature!
The large slime creature is moderately wounded.
You barely miss the slime creature. You hit the slime creature.
The large slime creature hits you!!
* * * LOW HITPOINT WARNING * * *
The slime creature hits you.
* * * LOW HITPOINT WARNING * * *
You can now pass through a line of other dancers.
You feel much better. The slime creature hits you. x2
The large slime creature hits you!!!
You die...

#.)<)......# #..# #......
#..))...#### #..####_.....
#.......# #............
#.......# ##.##...##...
#.......# #####.###..#....
#.......# #.....##...#..#.
#.......###.#...........#.
#####..###J.#...........#.
##..J@J.............#[
#..##+##..........##.
#.##≈§§#..........###
#..'§§≈+.............
####≈≈§#...........##
*#+#####....##..##
#....†.......^..#
##..###.######... ##..#
#.# #...


You could see a large slime creature and 2 slime creatures.

Vanquished Creatures
  Grinder (D:3)
  Sigmund (D:3)
  Menkaure (D:5)
  3 black bears
  An ogre (D:6)
  2 centaurs
  A kobold brigand (D:6)
  A bullfrog (D:6)
  2 necrophages (D:6)
  5 scorpions
  An electric eel (D:6)
  4 crimson imps (D:3)
  2 hounds
  A gnoll bouda (D:5)
  3 iguanas
  3 orc wizards
  8 gnolls
  15 adders
  A white imp (D:6)
  3 worms
  3 dart slugs
  20 orcs
  An endoplasm (D:3)
  3 giant cockroaches
  7 goblins
  5 hobgoblins
  14 kobolds
  3 quokkas
  6 ball pythons
  6 bats
  A frilled lizard (D:1)
  6 rats
134 creatures vanquished.

Vanquished Creatures (others)
  A human (D:4)
  4 plants (D:1)
5 creatures vanquished.

Grand Total: 139 creatures vanquished

Notes
Turn   | Place    | Note
-------+----------+-------------------------------------------
     0 | D:1      | RapScallion the Hill Orc Fighter began the quest for the
                  | Orb.
     0 | D:1      | Reached XP level 1. HP: 19/19 MP: 1/1
   332 | D:1      | Found a faded altar of an unknown god.
   471 | D:1      | Reached XP level 2. HP: 27/27 MP: 2/2
  1099 | D:2      | Found Davan's Magic Scroll Shop.
  1203 | D:2      | Reached XP level 3. HP: 34/34 MP: 3/3
  1216 | D:2      | Reached skill level 3 in Axes
  1796 | D:2      | Reached XP level 4. HP: 34/41 MP: 4/4
  1993 | D:3      | Noticed Sigmund
  2057 | D:3      | Killed Sigmund
  2058 | D:3      | Reached skill level 5 in Axes
  2058 | D:3      | Reached XP level 5. HP: 42/47 MP: 5/5
  2083 | D:3      | Noticed Grinder
  2089 | D:3      | Paralysed by Grinder for 5 turns
  2102 | D:3      | Killed Grinder
  2103 | D:3      | Reached skill level 5 in Fighting
  2103 | D:3      | Reached skill level 6 in Axes
  2103 | D:3      | Reached XP level 6. HP: 49/56 MP: 6/6
  2141 | D:3      | Found Xojewim's Magic Scroll Shop.
  2166 | D:3      | Found a basalt altar of Yredelemnul.
  2222 | D:3      | Reached skill level 5 in Armour
  2222 | D:3      | Reached XP level 7. HP: 56/61 MP: 7/7
  2454 | D:3      | Found a shimmering altar of Xom.
  2497 | D:3      | Reached skill level 7 in Axes
  2941 | D:4      | Reached skill level 1 in Dodging
  3068 | D:4      | Reached skill level 8 in Axes
  3200 | D:4      | Found a staircase to the Ecumenical Temple.
  3210 | Temple   | Entered the Ecumenical Temple
  3252 | Temple   | Became a worshipper of Uskayaw the Reveller
  3348 | D:4      | Found an ancient bone altar of Kikubaaqudgha.
  3351 | D:4      | Noticed a human
  3354 | D:4      | Killed a human
  3389 | D:4      | Reached * piety under Uskayaw
  3399 | D:4      | Reached ** piety under Uskayaw
  3562 | D:5      | Entered Level 5 of the Dungeon
  3562 | D:5      | Noticed Menkaure
  3637 | D:4      | Reached XP level 8. HP: 52/70 MP: 8/8
  3818 | D:4      | Reached *** piety under Uskayaw
  3952 | D:5      | Killed Menkaure
  3953 | D:5      | Reached skill level 9 in Axes
  4067 | D:5      | Noticed a shadow
  4068 | D:5      | Found a shadowy altar of Dithmenos.
  4069 | D:5      | Found a hazy altar of Hepliaklqana.
  4181 | D:5      | Reached **** piety under Uskayaw
  4402 | D:5      | Found a white marble altar of Elyvilon.
  4622 | D:6      | Reached skill level 10 in Axes
  4650 | D:6      | Reached XP level 9. HP: 63/78 MP: 9/9
  4662 | D:6      | Reached skill level 1 in Stealth
  4907 | D:6      | Found a glowing silver altar of Zin.
  5064 | D:6      | Found a stormy altar of Qazlal.
  5234 | D:7      | Found a snail-covered altar of Cheibriados.
  5247 | D:7      | Identified the +2 leather armour of Repulsion {-Cast rPois
                  | rC++ rCorr}
  5472 | D:6      | Mangled by a large slime creature

Illustrated notes

Levels and vault maps discovered:
D:1:      nagdon_arrival_zigzag_paths, layout_basic,
          chequers_ecumenical_altar_lobes
D:2:      layout_basic, serial_shops, nicolae_shop_advertising_works
          [nicolae_subvault_shop_adworks], skrybe_limestone_x
D:3:      layout_loops_cross, led_xom_imps, amcnicky_altar_gilded, serial_shops,
          nicolae_square_shop, dk_noncrumbling_3, uniq_grinder, uniq_sigmund
D:4:      layout_loops_ring, tgw_kikubaaqudgha, minmay_temple_entry_tees
D:5:      layout_rooms, riverfiend_overflow_shadow_ancestor,
          mainiacjoe_overflow_alcove_1, uniq_menkaure
D:6:      layout_rooms, overflow_temple_1_default,
          nicolae_qazlal_general_emergency, kennysheep_minor_cross,
          minmay_liquid_box
D:7:      layout_rooms, kennysheep_slug_shrine, minmay_increasing_density
Temple:   zaba_magenta_temple

Skill      XL: |  1  2  3  4  5  6  7  8  9 |
---------------+----------------------------+-----
Fighting       | 4 5 6 7 |  7.2
Axes           | 3 5 6 8 10 | 10.9
Armour         | 4 5 6 7 |  7.2
Dodging        | 1 2 |  2.3
Shields        | 4 |  4.5
Stealth        | 1 |  1.1

Action                   |  1- 3 |  4- 6 |  7- 9 || total
-------------------------+-------+-------+-------++-------
Melee: War axe           |    80 |    60 |   391 ||   531
  Use: Scroll            |       |       |     5 ||     5
       Potion            |       |       |     2 ||     2
 Stab: Paralysed         |       |       |     2 ||     2
Armor: Scale mail        |    49 |    25 |   160 ||   234
       Leather armour    |       |       |    13 ||    13
Dodge: Dodged            |    47 |    19 |   178 ||   244
Block: Buckler           |    17 |     9 |    84 ||   110
